Map: Pride of Altaris LE

Players

Jackkhusky

  • Race: Terran Terran
  • League: Silver
  • Spawn Location: 11:00

Pumba - Winner!

  • Race: Protoss Protoss
  • League: Bronze
  • Spawn Location: 5:00

VOD

Have the link to the VOD?

Description

Time

  • Played on: Jan. 25, 2022, 6:17 p.m.
  • Length: 9:04
Show
View Real Time Build Order
Export as new Build Order

Jackkhusky Terran 

Build Orders:  

Get SALT Encoding   

  12  0:02  SCV  
  13  0:18  Supply Depot  
  13  0:19  SCV  
  14  0:31  SCV  
  15  0:43  SCV  
  16  0:55  SCV  
  17  0:57  Barracks  
  17  1:05  Refinery  
  17  1:07  SCV  
  18  1:12  Refinery  
  18  1:19  SCV  
  18  1:23  Supply Depot  
  19  1:30  Supply Depot  
  19  1:31  SCV  
  20  1:43  SCV  
  21  1:47  Marine  
  22  1:56  Bunker  
  22  2:05  Marine  
  23  2:18  SCV, Command Center  
  24  2:23  Marine  
  25  2:30  SCV  
  26  2:39  Factory  
  26  2:41  Marine  
  26  2:43  SCV  
  28  2:55  SCV  
  29  3:05  Supply Depot  
  29  3:07  SCV  
  30  3:14  Supply Depot  
  30  3:19  SCV  
  31  3:22  Engineering Bay  
  31  3:25  Factory Tech Lab  
  31  3:31  SCV  
  31  3:32  SCV  
  33  3:43  SCV  
  33  3:44  SCV  
  35  3:52  Siege Tank  
  35  3:55  SCV  
  39  3:56  SCV  
  40  4:07  SCV  
  40  4:08  SCV  
  42  4:18  Missile Turret  
  42  4:22  Missile Turret  
  42  4:24  Siege Tank  
  45  4:33  Missile Turret  
  45  4:40  Missile Turret  
  45  4:43  Missile Turret  
  45  4:49  Missile Turret  
  45  4:56  Siege Tank  
  48  5:20  Command Center  
  48  5:28  Siege Tank  
  48  5:33  Missile Turret  
  48  5:34  Missile Turret  
  51  5:36  Missile Turret  
  51  5:41  Missile Turret  
  51  5:47  Missile Turret  
  51  5:54  Missile Turret  
  51  6:01  Missile Turret  
  51  6:05  Missile Turret  
  51  6:12  Missile Turret  
  51  6:18  Missile Turret  
  51  6:30  Orbital Command  
  51  6:32  Orbital Command  
  51  6:36  SCV  
  52  6:48  SCV  
  53  6:57  Siege Tank  
  53  7:00  SCV  
  57  7:12  SCV, Refinery  
  57  7:14  Refinery  
  58  7:24  SCV  
  59  7:34  Starport  
  59  7:36  SCV  
  60  7:39  Missile Turret  
  60  7:41  Missile Turret  
  60  7:43  Missile Turret  
  60  7:46  Missile Turret  
  60  7:48  SCV, Missile Turret  
  61  7:53  Missile Turret  
  61  7:57  Missile Turret  
  61  8:00  Armory  
  61  8:01  SCV  
  61  8:05  Missile Turret  
  49  8:13  SCV  
Show
View Real Time Build Order
Export as new Build Order

Pumba Protoss - Winner!

Build Orders: 1 Gate Expand, Zealot Archon 

Get SALT Encoding   

  12  0:00  Probe  
  13  0:13  Probe  
  14  0:22  Pylon  
  14  0:27  Probe  
  15  0:40  Probe (Chrono Boost)  
  15  0:41  Gateway  
  16  0:50  Assimilator  
  16  0:52  Probe (Chrono Boost)  
  17  0:58  Probe (Chrono Boost)  
  18  1:07  Probe  
  19  1:19  Probe  
  19  1:25  Nexus  
  20  1:36  Cybernetics Core  
  20  1:39  Probe  
  21  1:54  Probe  
  21  1:59  Assimilator  
  21  2:00  Pylon  
  21  2:06  Warp Gate, Probe  
  22  2:16  Stalker (Chrono Boost)  
  22  2:18  Probe  
  25  2:33  Probe (Chrono Boost)  
  26  2:37  Probe (Chrono Boost)  
  26  2:38  Stalker  
  30  2:45  Robotics Facility  
  30  2:47  Probe x2 (Chrono Boost)  
  31  2:52  Probe (Chrono Boost)  
  31  2:55  Probe  
  33  3:03  Probe  
  34  3:08  Stalker  
  34  3:12  Gateway x2  
  36  3:19  Pylon  
  36  3:21  Probe (Chrono Boost)  
  36  3:27  Probe (Chrono Boost)  
  38  3:31  Probe (Chrono Boost)  
  40  3:35  Probe (Chrono Boost)  
  40  3:36  Probe (Chrono Boost)  
  40  3:38  Observer (Chrono Boost)  
  42  3:45  Probe  
  42  3:48  Probe  
  44  3:51  Pylon  
  44  3:58  Probe  
  44  4:00  Probe  
  46  4:04  Immortal  
  46  4:08  Stalker x2  
  46  4:09  Stalker  
  56  4:10  Probe  
  56  4:14  Probe  
  58  4:21  Twilight Council  
  58  4:22  Probe  
  59  4:27  Pylon  
  59  4:28  Probe  
  59  4:30  Assimilator  
  60  4:32  Assimilator  
  60  4:34  Probe  
  60  4:38  Shield Battery  
  61  4:55  Charge (Chrono Boost), Probe  
  62  5:05  Probe  
  63  5:08  Pylon  
  63  5:10  Immortal  
  67  5:19  Gateway  
  67  5:22  Gateway  
  67  5:23  Gateway  
  67  5:26  Gateway  
  67  5:29  Gateway x2  
  67  5:30  Gateway  
  67  5:38  Templar Archives  
  67  5:41  Pylon  
  67  5:46  Pylon  
  67  5:48  Pylon  
  67  5:51  Pylon  
  67  5:56  Warp Prism (Chrono Boost)  
  67  6:02  Pylon  
  69  6:20  Zealot x6  
  81  6:26  Pylon  
  81  6:28  Pylon  
  81  6:45  Zealot x6  
  93  6:48  Zealot  
  95  7:06  Zealot x5  
  105  7:30  High Templar x10  
  105  7:34  Archon  
  105  7:35  Archon x4  
  111  8:14  Zealot x9  
  111  8:15  Zealot  
Tags
 
Add a new tag
Caveats
  • Supply blocks, unpowered buildings, or Contaminate may cause inaccurate times.
  • Supply counts are checked every 10 seconds.